 Dungeon Sprint DCSS version 0.17-a0-1570-g74b7129 (webtiles) character file.

12 nuthulu the Skirmisher (level 3, -2/26 HPs)
             Began as a Gargoyle Fighter on July 23, 2015.
             Was an Initiate of Okawaru.
             Killed by an exploding giant spore (13 damage)
             ... in the Dungeon (Sprint VI: "Thunderdome").
             The game lasted 00:02:02 (201 turns).

nuthulu the Skirmisher (Gargoyle Fighter)            Turns: 201, Time: 00:02:02

Health: -2/26      AC: 10    Str: 23    XL:     3   Next: 43%
Magic:  12/12      EV:  7    Int: 11    God:    Okawaru [......]
Gold:   40         SH: 10    Dex: 14    Spells: 0 memorised, 2 levels left

rFire  . . .     SeeInvis +     a - +0 flail
rCold  . . .     Clarity  +     b - +0 scale mail
rNeg   + + +     SustAt   .     c - +0 shield
rPois  ∞         Gourm    .     (no helmet)
rElec  +         Spirit   .     (no cloak)
rCorr  .         Warding  .     (no gloves)
rMut   .         NoTele   +     (no boots)
MR     .....                    p - amulet "Evuvviec" {Clar MP+9 Int+3}
Stlth  +.........               r - ring of Felal {+Blink rN++ Dex-2 Stlth+}
                                s - ring "Afedoopp" {*Contam rElec Str+4 Dex+6 SInv}

@: not resistant to hostile enchantments, very unstealthy
A: negative energy resistance 1, electricity resistance, unbreathing,
petrification resistance, rot immunity, AC +3
a: Renounce Religion, Evoke Blink


You were in the Dungeon.
You worshipped Okawaru.
Okawaru was noncommittal.
You were not hungry.

You visited 1 branch You collected 220 gold pieces.
You spent 180 gold pieces at shops.

Inventory:

Hand weapons
 a - a +0 flail (weapon)
Armour
 b - a +0 scale mail (worn)
 c - a +0 shield (worn)
Jewellery
 p - the amulet "Evuvviec" (around neck) {Clar MP+9 Int+3}
   (You bought it in a shop in the Dungeon)

   [amulet of clarity]

   It provides mental clarity.
   It affects your intelligence (+3).
   It affects your magic capacity (+9).
 q - the ring of No Interval {rF+ MP+9}
   (You bought it in a shop in the Dungeon)

   [ring of magical power]

   It protects you from fire.
   It affects your magic capacity (+9).
 r - the ring of Felal (right hand) {+Blink rN++ Dex-2 Stlth+}
   (You bought it in a shop in the Dungeon)

   [ring of stealth]

   It affects your dexterity (-2).
   It greatly protects you from negative energy.
   It lets you blink.
   It makes you more stealthy.
 s - the ring "Afedoopp" (left hand) {*Contam rElec Str+4 Dex+6 SInv}
   (You bought it in a shop in the Dungeon)

   [ring of see invisible]

   It affects your strength (+4).
   It affects your dexterity (+6).
   It insulates you from electricity.
   It lets you see invisible.
   It causes magical contamination when unequipped.
Magical devices
 l - a wand of cold (5)
 m - a wand of fire (5)
Scrolls
 k - 4 scrolls of blinking
 n - 3 scrolls of fog
Potions
 d - a potion of might
 f - a potion of curing
 g - 4 potions of heal wounds
 h - 4 potions of haste
 i - 2 potions of magic
 j - a potion of berserk rage
 o - 2 potions of resistance
Comestibles
 e - a bread ration


   Skills:
 + Level 5.0 Fighting
 + Level 3.7 Maces & Flails
 + Level 4.7 Armour
 + Level 4.8 Shields


You had 2 spell levels left.
You didn't know any spells.

Dungeon Overview and Level Annotations

Branches:
Dungeon (1/1)

Altars:
Cheibriados
Dithmenos
Fedhas
Gozag
Kikubaaqudgha
Makhleb
Okawaru
Qazlal
Ru
Sif Muna
Trog
Vehumet
Xom
Yredelemnul
Zin
The Shining One
Jiyva
Lugonu

Shops:
D *[%??*?*:[((!!!!


Innate Abilities, Weirdness & Mutations

You are resistant to torment.
Your stone body is resilient (AC +3).
You are immune to poison.
You resist negative energy.
You are resistant to electric shocks.
You can survive without breathing.
You are immune to petrification.
You are immune to rotting.


Message History

A fungus suddenly grows.
You hear an explosion! x19
The explosion of spores engulfs the ballistomycete.
You hear an explosion! x2
The explosion of spores engulfs the ballistomycete.
You hear an explosion! x4
The explosion of spores engulfs the ballistomycete. x3
You hear an explosion! x2
The explosion of spores engulfs the ballistomycete.
You hear an explosion! x12
The explosion of spores engulfs the ballistomycete.
You hear an explosion!
The explosion of spores engulfs the ballistomycete.
You hear an explosion! x54
The giant spore explodes!
The explosion of spores engulfs the giant spore.
The giant spore explodes!
The explosion of spores engulfs you!
Ouch! That really hurt!
You die...

#.........# #_......._#
###.........###
#⌠........PPPP#
#####.8.......PP8*######
∩__.......###...P.P__.∩##
........8.# #.8......P.∩###
......[...###.........P.*P##
.......###...###@...PP..*.P#
.....†.# #.<.# #....P.PPP.§#
.......###...###.*..P.PPP*§#
..........###.......P...P.##
........8.# #.8.....P.PP###
∩___......###......___∩##
#####.8........P8P######
#⌠...........§#
###......P..###


You could see 4 active ballistomycetes.

Vanquished Creatures
  Terence (D)
  An adder (D)
  A giant cockroach (D)
  A hobgoblin (D)
  A rat (D)
5 creatures vanquished.

Vanquished Creatures (others)
  46 giant spores (D)
46 creatures vanquished.

Grand Total: 51 creatures vanquished

Notes
Turn   | Place    | Note
--------------------------------------------------------------
     0 | D        | nuthulu the Gargoyle Fighter began the quest for the Orb.
     0 | D        | Reached XP level 1. HP: 14/14 MP: 1/1
     1 | D        | Found an opulent altar of Gozag.
     1 | D        | Found a basalt altar of Yredelemnul.
     2 | D        | Found a deep blue altar of Sif Muna.
     2 | D        | Found a snail-covered altar of Cheibriados.
     3 | D        | Found a radiant altar of Vehumet.
     4 | D        | Found Muikk's Do-It-Yourself Clinic.
     4 | D        | Found a corrupted altar of Lugonu.
     4 | D        | Found a shimmering altar of Xom.
     4 | D        | Found Xeqabre's Distillery.
     5 | D        | Found Hunixuj's Bottled Wisdom.
     5 | D        | Found Udybump's Distillery.
     5 | D        | Round 1.
     8 | D        | Found a bloodstained altar of Trog.
    10 | D        | Found a glowing golden altar of the Shining One.
    11 | D        | Found an ancient bone altar of Kikubaaqudgha.
    11 | D        | Found Exeseosch's Staff Store.
    11 | D        | Found Ezaza's Magic Scroll Shop.
    12 | D        | Found Famaghy's Must-Have Magic.
    12 | D        | Found Haimuivy's Magic Scroll Shop.
    20 | D        | Found a sacrificial altar of Ru.
    20 | D        | Found a burning altar of Makhleb.
    20 | D        | Found Sarrosk's Bee Food.
    20 | D        | Found Toekuet's Jewellery.
    21 | D        | Found Reuvvaseqi's Advanced Armour.
    23 | D        | Found a shadowy altar of Dithmenos.
    23 | D        | Found a blossoming altar of Fedhas.
    23 | D        | Found a viscous altar of Jiyva.
    23 | D        | Found Rywu's Identification Station.
    27 | D        | Bought a translucent brass amulet for 45 gold pieces
    27 | D        | Bought a faintly glowing bone ring for 45 gold pieces
    27 | D        | Bought a transparent copper ring for 45 gold pieces
    27 | D        | Identified the amulet "Evuvviec" {Clar MP+9 Int+3} (You bought it in a shop in the Dungeon)
    28 | D        | Identified the ring of No Interval {rF+ MP+9} (You bought it in a shop in the Dungeon)
    29 | D        | Identified the ring of Felal {+Blink rN++ Dex-2 Stlth+} (You bought it in a shop in the Dungeon)
    42 | D        | Reached skill level 4 in Fighting
    42 | D        | Reached XP level 2. HP: 14/20 MP: 2/2
    46 | D        | Found an iron altar of Okawaru.
    47 | D        | Found a stormy altar of Qazlal.
    48 | D        | Found a glowing silver altar of Zin.
    49 | D        | Found Noduf's Premium Goods.
    50 | D        | Found Wuvyteoj's Miscellaneous Merchandise.
    50 | D        | Found Fekavod's Basic Armour.
    51 | D        | Found Nynic's Weapon Rack.
    55 | D        | Became a worshipper of Warmaster Okawaru
    68 | D        | Bought a shimmering silver ring for 45 gold pieces
    69 | D        | Identified the ring "Afedoopp" {*Contam rElec Str+4 Dex+6 SInv} (You bought it in a shop in the Dungeon)
    73 | D        | Noticed Terence
    79 | D        | Killed Terence
    79 | D        | Reached XP level 3. HP: 20/25 MP: 3/3
   157 | D        | Arena points: 12 (+12) [x2]
   157 | D        | Reached skill level 5 in Fighting
   196 | D        | Round 2.
   201 | D        | Killed by an exploding giant spore

Vault maps used:
D:        arena_sprint

Action                   || total
-------------------------++-------
Melee: Flail             ||    29
